| TOP OF THE 1ST |
|
Lake County Captains batting - Pitching for Charleston RiverDogs : RHP Bill Setzer
|
|
Pitching: RHP Bill Setzer
|
|
|
Batting: RHB Willie Gonzales
|
0-0: Ball 1-0: Ball 2-0: Ball 3-0: Called Strike 3-1: Ground out 5-3 (Groundball, 56, EV 86.9 MPH)
|
|
Batting: LHB John Holst
|
0-0: Called Strike 0-1: Ball 1-1: Ball 2-1: Foul Ball, location: 2F 2-2: Ball 3-2: DOUBLE (Flyball, 8LXD, EV 84.4 MPH)
|
|
Pinch Runner at 2nd Ricky Cordova:
|
|
|
Batting: LHB Chris Morgan
|
0-0: Ball 1-0: Ground out 2-3 (Groundball, 2L, EV 66.9 MPH) Ricky Cordova to third
|
|
Batting: LHB Alberto Chavez
|
0-0: Ball 1-0: Fly out, F7 (Line Drive, 7, EV 95.0 MPH)
|
| Top of the 1st over - 0 runs, 1 hit, 0 errors, 1 left on base; Lake County 0 - Charleston 0 |
| BOTTOM OF THE 1ST |
|
Charleston RiverDogs batting - Pitching for Lake County Captains : RHP Jose Esteban
|
|
Pitching: RHP Jose Esteban
|
|
|
Now in LF: Ricky Cordova
|
|
|
Batting: RHB John Sprenkel
|
0-0: Ground out 6-3 (Groundball, 6S, EV 63.8 MPH)
|
|
Batting: RHB Bryan Westray
|
0-0: Ball 1-0: Foul Ball, location: 2F 1-1: Swinging Strike 1-2: Strikes out swinging, 2-3 out at first.
|
|
Batting: LHB Sean Trueblood
|
0-0: Ball 1-0: Called Strike 1-1: Ball 2-1: Called Strike 2-2: Foul Ball, location: 2F 2-2: Ground out 4-3 (Groundball, 4M, EV 82.5 MPH)
|
| Bottom of the 1st over - 0 runs, 0 hits, 0 errors, 0 left on base; Lake County 0 - Charleston 0 |
| TOP OF THE 2ND |
|
Lake County Captains batting - Pitching for Charleston RiverDogs : RHP Bill Setzer
|
|
Batting: RHB Harris Leroux
|
0-0: Swinging Strike 0-1: Ball 1-1: Foul Ball, location: 2F 1-2: Ball 2-2: SINGLE (Line Drive, 8RS, EV 95.0 MPH)
|
|
Batting: RHB Adrian Martinelli
|
0-0: Ball 1-0: Fielders Choice at 2nd, 6-4 (Groundball, 6, EV 85.6 MPH)
|
|
Batting: RHB Tsega Haida
|
0-0: Ball Adrian Martinelli is caught stealing 2nd base 2-4 1-0: Ground out 6-3 (Groundball, 6, EV 81.9 MPH)
|
| Top of the 2nd over - 0 runs, 1 hit, 0 errors, 0 left on base; Lake County 0 - Charleston 0 |
| BOTTOM OF THE 2ND |
|
Charleston RiverDogs batting - Pitching for Lake County Captains : RHP Jose Esteban
|
|
Batting: RHB Iften Olujimi
|
0-0: Ball 1-0: Ball 2-0: Ball 3-0: Called Strike 3-1: Ground out 6-3 (Groundball, 56, EV 90.0 MPH)
|
|
Batting: LHB Justin O'Neal
|
0-0: Ground out 4-3 (Groundball, 4, EV 80.6 MPH)
|
|
Batting: RHB Bill Nguyen-Tan
|
0-0: Called Strike 0-1: Foul Ball, location: 2F 0-2: SINGLE (Groundball, 4MD, EV 103.8 MPH) (infield hit)
|
|
Batting: LHB Dale Anderson
|
0-0: DOUBLE (Line Drive, 78M, EV 103.1 MPH) Bill Nguyen-Tan to third Runner from 3rd tries for Home, throw by CF and OUT! 8-6-2
|
| Bottom of the 2nd over - 0 runs, 2 hits, 0 errors, 1 left on base; Lake County 0 - Charleston 0 |
| TOP OF THE 3RD |
|
Lake County Captains batting - Pitching for Charleston RiverDogs : RHP Bill Setzer
|
|
Batting: LHB Rich Walker
|
0-0: Ball 1-0: Ball 2-0: Ball 3-0: Called Strike 3-1: Foul Ball, location: 2F 3-2: Strikes out swinging
|
|
Batting: RHB Carlos Munos
|
0-0: Foul Ball, location: 2F 0-1: Ball 1-1: Ball 2-1: Foul Ball, location: 2F 2-2: Ball 3-2: Fly out, F8 (Flyball, 8RD, EV 105.6 MPH)
|
|
Batting: RHB Willie Gonzales
|
0-0: Ball 1-0: Ball 2-0: Called Strike 2-1: Ball 3-1: Base on Balls
|
|
Batting: RHB Ricky Cordova
|
0-0: Ball 1-0: Ball 2-0: Ground out 6-3 (Groundball, 6D, EV 101.9 MPH)
|
| Top of the 3rd over - 0 runs, 0 hits, 0 errors, 1 left on base; Lake County 0 - Charleston 0 |
| BOTTOM OF THE 3RD |
|
Charleston RiverDogs batting - Pitching for Lake County Captains : RHP Jose Esteban
|
|
Batting: SHB Houston Phillips
|
0-0: Ball 1-0: Foul Ball, location: 2F 1-1: Called Strike 1-2: Fly out, F9 (Flyball, 89S, EV 88.1 MPH)
|
|
Batting: RHB Matt Alderson
|
0-0: Called Strike 0-1: Called Strike 0-2: Foul Ball, location: 2F 0-2: Fly out, F9 (Flyball, 9, EV 90.0 MPH)
|
|
Batting: RHB John Sprenkel
|
0-0: Ball 1-0: Called Strike 1-1: Ball 2-1: SINGLE (Line Drive, 6M, EV 105.0 MPH)
|
|
Batting: RHB Bryan Westray
|
0-0: Ball 1-0: Ball 2-0: SINGLE (Line Drive, 8RS, EV 101.2 MPH) John Sprenkel to second
|
|
Batting: LHB Sean Trueblood
|
0-0: Ball 1-0: Foul Ball, location: 2F 1-1: Foul Ball, location: 2F 1-2: Foul Ball, location: 2F 1-2: Strikes out swinging
|
| Bottom of the 3rd over - 0 runs, 2 hits, 0 errors, 2 left on base; Lake County 0 - Charleston 0 |
| TOP OF THE 4TH |
|
Lake County Captains batting - Pitching for Charleston RiverDogs : RHP Bill Setzer
|
|
Batting: LHB Chris Morgan
|
0-0: Ball 1-0: Fly out, F7 (Line Drive, 7LM, EV 93.8 MPH)
|
|
Batting: LHB Alberto Chavez
|
0-0: Called Strike 0-1: Fly out, F8 (Flyball, 8LD, EV 94.4 MPH)
|
|
Batting: RHB Harris Leroux
|
0-0: Ball 1-0: Fly out, F7 (Flyball, 78M, EV 93.1 MPH)
|
| Top of the 4th over - 0 runs, 0 hits, 0 errors, 0 left on base; Lake County 0 - Charleston 0 |
| BOTTOM OF THE 4TH |
|
Charleston RiverDogs batting - Pitching for Lake County Captains : RHP Jose Esteban
|
|
Batting: RHB Iften Olujimi
|
0-0: Ball 1-0: Foul Ball, location: 2F 1-1: Foul Ball, location: 2F 1-2: TRIPLE (Groundball, 3L, EV 105.6 MPH)
|
|
Batting: LHB Justin O'Neal
|
0-0: Called Strike 0-1: Called Strike 0-2: Strikes out swinging
|
|
Batting: RHB Bill Nguyen-Tan
|
0-0: Called Strike 0-1: Ball 1-1: Ball 2-1: Called Strike 2-2: Foul Ball, location: 2F 2-2: Foul Ball, location: 2F 2-2: Foul Ball, location: 2F 2-2: Foul Ball, location: 2F 2-2: Ball 3-2: Strikes out swinging
|
|
Batting: LHB Dale Anderson
|
0-0: Ball 1-0: Swinging Strike 1-1: Foul Ball, location: 2F 1-2: Foul Ball, location: 2F 1-2: Ball 2-2: Strikes out swinging
|
| Bottom of the 4th over - 0 runs, 1 hit, 0 errors, 1 left on base; Lake County 0 - Charleston 0 |
| TOP OF THE 5TH |
|
Lake County Captains batting - Pitching for Charleston RiverDogs : RHP Bill Setzer
|
|
Batting: RHB Adrian Martinelli
|
0-0: Ball 1-0: Called Strike 1-1: Ball 2-1: Foul Ball, location: 2F 2-2: Ball 3-2: Fly out, F7 (Flyball, 7D, EV 88.1 MPH)
|
|
Batting: RHB Tsega Haida
|
0-0: Foul Ball, location: 2F 0-1: Ball 1-1: Ball 2-1: Foul Ball, location: 2F 2-2: Ball 3-2: Base on Balls
|
|
Batting: LHB Rich Walker
|
0-0: Ball Tsega Haida steals 2nd base 1-0: Ball 2-0: Ball 3-0: Called Strike 3-1: Base on Balls
|
|
Batting: RHB Carlos Munos
|
0-0: Ball 1-0: Ball 2-0: Ball 3-0: Foul Ball, location: 2F 3-1: SINGLE (Line Drive, 9S, EV 93.1 MPH) Tsega Haida to third Rich Walker to second
|
|
Batting: RHB Willie Gonzales
|
0-0: Ball 1-0: Called Strike 1-1: DOUBLE (Line Drive, 7LS, EV 97.5 MPH) Tsega Haida scores Rich Walker scores Carlos Munos to third
|
|
Batting: RHB Ricky Cordova
|
0-0: Ball 1-0: Foul Ball, location: 2F 1-1: Ball 2-1: Swinging Strike 2-2: Strikes out swinging, 2-3 out at first.
|
|
Pitching: LHP Alex Pulido
|
|
|
Batting: LHB Chris Morgan
|
0-0: Ball 1-0: Ground out 5-3 (Groundball, 56S, EV 83.1 MPH)
|
| Top of the 5th over - 2 runs, 2 hits, 0 errors, 2 left on base; Lake County 2 - Charleston 0 |
| BOTTOM OF THE 5TH |
|
Charleston RiverDogs batting - Pitching for Lake County Captains : RHP Jose Esteban
|
|
Batting: SHB Houston Phillips
|
0-0: Swinging Strike 0-1: Called Strike 0-2: Foul Ball, location: 2F 0-2: Ball 1-2: Ball 2-2: Ground out 4-3 (Groundball, 4S, EV 71.9 MPH)
|
|
Batting: RHB Matt Alderson
|
0-0: Ball 1-0: Ball 2-0: Called Strike 2-1: Ball 3-1: Base on Balls
|
|
Batting: RHB John Sprenkel
|
0-0: Called Strike 0-1: Ball 1-1: Swinging Strike 1-2: Strikes out swinging
|
|
Batting: RHB Bryan Westray
|
0-0: Swinging Strike 0-1: Foul Ball, location: 2F 0-2: Foul Ball, location: 2F 0-2: Ball 1-2: TRIPLE (Line Drive, 78XD, EV 104.4 MPH) Matt Alderson scores
|
|
Pitching: RHP Ken Shear
|
|
|
Batting: LHB Sean Trueblood
|
0-0: Ball 1-0: Ball 2-0: Ball 3-0: Called Strike 3-1: Fly out, F7 (Flyball, 78S, EV 91.2 MPH)
|
| Bottom of the 5th over - 1 run, 1 hit, 0 errors, 1 left on base; Lake County 2 - Charleston 1 |
| TOP OF THE 6TH |
|
Lake County Captains batting - Pitching for Charleston RiverDogs : LHP Alex Pulido
|
|
Batting: LHB Alberto Chavez
|
0-0: Ball 1-0: Ground out 6-3 (Groundball, 6M, EV 83.1 MPH)
|
|
Batting: RHB Harris Leroux
|
0-0: Ball 1-0: Ground out 6-3 (Groundball, 6, EV 102.5 MPH)
|
|
Batting: RHB Adrian Martinelli
|
0-0: Foul Ball, location: 2F 0-1: Foul Ball, location: 2F 0-2: Foul Ball, location: 2F 0-2: Foul Ball, location: 2F 0-2: Foul Ball, location: 2F 0-2: Foul Ball, location: 2F 0-2: Strikes out looking
|
| Top of the 6th over - 0 runs, 0 hits, 0 errors, 0 left on base; Lake County 2 - Charleston 1 |
| BOTTOM OF THE 6TH |
|
Charleston RiverDogs batting - Pitching for Lake County Captains : RHP Ken Shear
|
|
Batting: RHB Iften Olujimi
|
0-0: SINGLE (Groundball, 6MD, EV 100.6 MPH)
|
|
Batting: LHB Justin O'Neal
|
0-0: Ball 1-0: DOUBLE (Line Drive, 9LD, EV 104.4 MPH) Iften Olujimi to third
|
|
Batting: RHB Bill Nguyen-Tan
|
0-0: Called Strike 0-1: Foul Ball, location: 2F 0-2: Strikes out looking
|
|
Batting: LHB Dale Anderson
|
0-0: Ball 1-0: Foul Ball, location: 2F 1-1: Ball 2-1: Foul Ball, location: 2F 2-2: Ball 3-2: Base on Balls
|
|
Batting: SHB Houston Phillips
|
0-0: Called Strike 0-1: Foul Ball, location: 2F 0-2: Ball 1-2: Fly out, F7 (Line Drive, 78M, EV 110.6 MPH) Runner from 3rd tags up, OUT at HOME! 7-2
|
| Bottom of the 6th over - 0 runs, 2 hits, 0 errors, 2 left on base; Lake County 2 - Charleston 1 |
| TOP OF THE 7TH |
|
Lake County Captains batting - Pitching for Charleston RiverDogs : LHP Alex Pulido
|
|
Batting: RHB Tsega Haida
|
0-0: Ball 1-0: Ground out 6-3 (Groundball, 6, EV 81.9 MPH)
|
|
Batting: LHB Rich Walker
|
0-0: Called Strike 0-1: Ball 1-1: Ball 2-1: Called Strike 2-2: SINGLE (Flyball, 8RS, EV 86.2 MPH)
|
|
Batting: RHB Carlos Munos
|
0-0: Called Strike 0-1: Swinging Strike 0-2: Ball 1-2: Ball 2-2: Strikes out swinging
|
|
Batting: RHB Willie Gonzales
|
0-0: Ball 1-0: Ball 2-0: Foul Ball, location: 2F 2-1: Ground out 4-3 (Groundball, 34, EV 81.2 MPH)
|
| Top of the 7th over - 0 runs, 1 hit, 0 errors, 1 left on base; Lake County 2 - Charleston 1 |
| BOTTOM OF THE 7TH |
|
Charleston RiverDogs batting - Pitching for Lake County Captains : RHP Ken Shear
|
|
Pitching: LHP Aaron Manees
|
|
|
Batting: RHB Matt Alderson
|
0-0: Ball 1-0: Ball 2-0: Called Strike 2-1: Foul Ball, location: 2F 2-2: Ball 3-2: Fly out, F7 (Flyball, 78S, EV 89.4 MPH)
|
|
Batting: RHB John Sprenkel
|
0-0: Ball 1-0: Ground out 5-3 (Groundball, 56, EV 102.5 MPH)
|
|
Batting: RHB Bryan Westray
|
0-0: Ball 1-0: Foul Ball, location: 2F 1-1: Ground out 5-3 (Groundball, 5, EV 84.4 MPH)
|
| Bottom of the 7th over - 0 runs, 0 hits, 0 errors, 0 left on base; Lake County 2 - Charleston 1 |
| TOP OF THE 8TH |
|
Lake County Captains batting - Pitching for Charleston RiverDogs : LHP Alex Pulido
|
|
Pitching: RHP Khayyat bin Faruq
|
|
|
Batting: RHB Ricky Cordova
|
0-0: Ground out 6-3 (Groundball, 6, EV 83.8 MPH)
|
|
Pitching: LHP Cory Musial
|
|
|
Batting: LHB Chris Morgan
|
0-0: Swinging Strike 0-1: Ball 1-1: Foul Ball, location: 2F 1-2: Foul Ball, location: 2F 1-2: Ground out 4-3 (Groundball, 34D, EV 101.9 MPH)
|
|
Batting: LHB Alberto Chavez
|
0-0: Called Strike 0-1: Ball 1-1: Foul Ball, location: 2F 1-2: Strikes out looking
|
| Top of the 8th over - 0 runs, 0 hits, 0 errors, 0 left on base; Lake County 2 - Charleston 1 |
| BOTTOM OF THE 8TH |
|
Charleston RiverDogs batting - Pitching for Lake County Captains : LHP Aaron Manees
|
|
Batting: LHB Sean Trueblood
|
0-0: Ball 1-0: Foul Ball, location: 2F 1-1: Swinging Strike 1-2: Fly out, F8 (Flyball, 8LXD, EV 103.8 MPH)
|
|
Batting: RHB Iften Olujimi
|
0-0: Ball 1-0: Ball 2-0: Ball 3-0: Base on Balls
|
|
Batting: LHB Justin O'Neal
|
0-0: Swinging Strike 0-1: Swinging Strike 0-2: Ball 1-2: Strikes out swinging
|
|
Batting: RHB Bill Nguyen-Tan
|
0-0: Ground out 6-3 (Groundball, 56S, EV 86.9 MPH)
|
| Bottom of the 8th over - 0 runs, 0 hits, 0 errors, 1 left on base; Lake County 2 - Charleston 1 |
| TOP OF THE 9TH |
|
Lake County Captains batting - Pitching for Charleston RiverDogs : LHP Cory Musial
|
|
Pitching: RHP Joe Shaw
|
|
|
Batting: RHB Harris Leroux
|
0-0: Called Strike 0-1: Ground out 6-3 (Groundball, P, EV 82.5 MPH)
|
|
Batting: RHB Adrian Martinelli
|
0-0: Foul Ball, location: 2F 0-1: Ball 1-1: Ball 2-1: Swinging Strike 2-2: SINGLE (Groundball, 4MD, EV 108.1 MPH)
|
|
Batting: RHB Tsega Haida
|
0-0: Foul Ball, location: 2F 0-1: Ball 1-1: Foul Ball, location: 2F 1-2: Ground out 5-3 (Groundball, 56S, EV 67.5 MPH) Adrian Martinelli to second
|
|
Batting: LHB Rich Walker
|
0-0: Intentional Walk
|
|
Batting: RHB Carlos Munos
|
0-0: Ball 1-0: Ball 2-0: Called Strike 2-1: Fielders Choice at 2nd, 6-4 (Groundball, 6, EV 90.0 MPH)
|
| Top of the 9th over - 0 runs, 1 hit, 0 errors, 2 left on base; Lake County 2 - Charleston 1 |
| BOTTOM OF THE 9TH |
|
Charleston RiverDogs batting - Pitching for Lake County Captains : LHP Aaron Manees
|
|
Pitching: RHP Chris Cohen
|
|
|
Batting: LHB Dale Anderson
|
0-0: DOUBLE (Flyball, 8LXD, EV 101.9 MPH)
|
|
Batting: SHB Houston Phillips
|
0-0: Foul Ball, location: 2F 0-1: Called Strike 0-2: Ball 1-2: Ball 2-2: Foul Ball, location: 2F 2-2: Strikes out swinging
|
|
Pinch Hitting: LHB Jeremiah Walker
|
0-0: Ball 1-0: Ball 2-0: Fly out, F5 (Popup, 56S, EV 81.2 MPH)
|
|
Pinch Hitting: LHB Marc Durgin
|
0-0: Ball 1-0: Foul Ball, location: 2F 1-1: Ground out 2-3 (Groundball, 15S, EV 72.5 MPH)
|
| Bottom of the 9th over - 0 runs, 1 hit, 0 errors, 1 left on base; Lake County 2 - Charleston 1 |
|